 Dungeon Sprint DCSS version 0.18-a0-23-g19353e1 (webtiles) character file.

1109 esc the Lightning Rod (level 8, -3/67 HPs)
             Began as a Demonspawn Gladiator on Nov 2, 2015.
             Was a Follower of Qazlal.
             Slain by Sonja
             ... wielding a +0 short sword of distortion
              (4 damage)
             ... in the Dungeon (Sprint I: "Red Sonja").
             The game lasted 00:04:34 (701 turns).

esc the Lightning Rod (Demonspawn Gladiator)         Turns: 701, Time: 00:04:34

Health: -3/67      AC: 15    Str: 15    XL:     8   Next: 11%
Magic:  17/17      EV: 14    Int:  9    God:    Qazlal [*.....]
Gold:   106        SH:  2    Dex: 17    Spells: 0 memorised, 7 levels left

rFire  . . .     SeeInvis .     a - +0 quarterstaff
rCold  . . .     Clarity  .     n - +3 scale mail {rPois}
rNeg   . . .     SustAt   .     (shield currently unavailable)
rPois  +         Gourm    .     c - +0 helmet
rElec  .         Spirit   .     (no cloak)
rCorr  .         Warding  .     (no gloves)
rMut   .         NoTele   +     (no boots)
MR     .....                    (no amulet)
Stlth  ..........               (no ring)
                                (no ring)

@: exhausted, slowed, very slow, not resistant to hostile enchantments,
extremely unstealthy
A: hooves 1, thin metallic scales 2, powered by death 1
a: Renounce Religion


You were in the Dungeon.
You worshipped Qazlal.
Qazlal was aware of your devotion.
You were not hungry.

You visited 1 branch You collected 428 gold pieces.
You spent 322 gold pieces at shops.

Inventory:

Hand Weapons
 a - a +0 quarterstaff (weapon)
Missiles
 d - a throwing net (quivered) {=f, !d}
Armour
 b - a +0 leather armour
 c - a +0 helmet (worn)
 n - a +3 scale mail of poison resistance (worn)
   (You bought it in a shop in the Dungeon)
Wands
 l - a wand of fireball (3)
   (You took it off Ijyb in the Dungeon)
Scrolls
 k - a scroll of blinking {!r}
Potions
 f - a potion of curing
 g - a potion of heal wounds
 h - a potion of haste
 i - 2 potions of magic
 m - a potion of lignification {unknown}
 o - a potion of cancellation {unknown}
 p - a potion of might {unknown}
Comestibles
 e - a bread ration {@e1}


   Skills:
 - Level 7.5 Fighting
 - Level 7.2 Staves
 - Level 1.7 Throwing
 - Level 6.4 Armour
 - Level 7.2 Dodging
 + Level 13.2 Invocations


You had 7 spell levels left.
You didn't know any spells.

Dungeon Overview and Level Annotations

Branches:
Dungeon (1/1)

Altars:
Cheibriados
Dithmenos
Elyvilon
Fedhas
Gozag
Kikubaaqudgha
Makhleb
Nemelex Xobeh
Okawaru
Qazlal
Ru
Sif Muna
Trog
Vehumet
Xom
Yredelemnul
Zin
The Shining One
Jiyva

Shops:
D [

Annotations:
D Sonja


Innate Abilities, Weirdness & Mutations

You have large cloven feet.
You are mostly covered in thin metallic scales (AC +3).
You regenerate a little health from kills.


Message History

The orange demon stings you but does no damage.
You miss the kobold demonologist. You kick the kobold demonologist!
You kill the kobold demonologist!
Qazlal accepts your kill.
Your Invocations skill gained 2 levels and is now at level 13!
You have reached level 8!
You feel agile.
The orange demon disappears in a puff of smoke!
You regained 8 hp, and now have 77/100 hp. 4 demonic crawlers come into view.
You are no longer berserk.
You are exhausted.
You feel yourself slow down.
The demonic crawler gives a hideous shriek! x3
Things that are here:
a dagger; a robe; a kobold corpse You now have 54/67 hp.
A dagger.
There is something else lying underneath.
The floor, spattered with blood.
Okay, then.
You regained 3 hp, and now have 57/67 hp.
There is an open door here.
You regained 4 hp, and now have 61/67 hp.
You close the door.
You regained 2 hp, and now have 64/67 hp.
There is a snail-covered altar of Cheibriados here.
You regained 2 hp, and now have 66/67 hp.
You feel less regenerative.
There is an open door here.
There is an open door here.
Health restored: 67 You see here 17 arrows.
You start resting.
MP restored: 17
Okay, then.
You open the door.
Sonja, the Graceful Assassin comes into view.
She is wielding a short sword of distortion.
Sonja unwields an uncursed short sword of distortion.
Its appearance distorts for a moment.
Sonja wields a blowgun.
Sonja shoots a curare-tipped needle.
The curare-tipped needle misses you.
Sonja shoots a curare-tipped needle.
The curare-tipped needle barely misses you.
Unknown command.
Unknown command.
Unknown command.
Okay, then.
You close the door.
Sonja opens the door.
Sonja shoots a curare-tipped needle.
The curare-tipped needle hits you.
Sonja unwields an uncursed blowgun.
Sonja wields an uncursed short sword of distortion.
Its appearance distorts for a moment.
Sonja hits you with an uncursed short sword of distortion.
Sonja hits you but does no damage. x2
Space bends around you. You block Sonja's attack.
Sonja hits you with an uncursed short sword of distortion.
You feel a strange sense of stasis. Sonja closely misses you.
There is an open door, spattered with blood here.
You take 14 damage, and have 53/67 hp.
MASSIVE DAMAGE!!
Unknown command.
You miss Sonja. Sonja hits you but does no damage.
Space warps horribly around you! Sonja barely misses you.
Sonja closely misses you. Sonja hits you but does no damage.
Space bends around you. Sonja misses you. Sonja completely misses you.
You take 9 damage, and have 44/67 hp.
Unknown command.
Unknown command.
Unknown command.
You miss Sonja. You kick Sonja, but do no damage.
Sonja hits you but does no damage. Space bends around you.
Sonja closely misses you. Sonja hits you but does no damage.
Space bends around you. Sonja hits you but does no damage.
Space warps horribly around you! Sonja barely misses you. x2
You take 9 damage, and have 35/67 hp.
Unknown command.
You hit Sonja. Sonja barely misses you. Sonja hits you but does no damage.
Space warps horribly around you!
* * * LOW HITPOINT WARNING * * *
Sonja hits you with an uncursed short sword of distortion.
* * * LOW HITPOINT WARNING * * *
Space bends around you.
* * * LOW HITPOINT WARNING * * *
Sonja closely misses you. Sonja hits you but does no damage.
Space bends around you.
* * * LOW HITPOINT WARNING * * *
Sonja hits you but does no damage. Space bends around you.
You die...

#<÷#..').#..'..#__#.))ss.#
#..)..#..').#..'^.+ss#...#
#..#####'#####'#__####
§.ss. #..####..#...#.####
##ss #..#__####..##(# #
#..#_..__##'#..+
#⌠⌠#_.∩...'.(._#
####_..._##_§#'#
#_____###@#.# #######
#K### $.$ #$.$# ##.## #+#


You could see Sonja.

Vanquished Creatures
  2 kobold demonologists (D)
  A slime creature (D)
  Sigmund (D)
  A yak (D)
  An ogre (D)
  Ijyb (D)
  A jelly (D)
  A giant eyeball (D)
9 creatures vanquished.

Notes
Turn   | Place    | Note
--------------------------------------------------------------
     0 | D        | esc the Demonspawn Gladiator began the quest for the Orb.
     0 | D        | Reached XP level 1. HP: 16/16 MP: 1/1
     1 | D        | Noticed Ijyb
    11 | D        | Killed Ijyb
    11 | D        | Reached skill level 3 in Fighting
    11 | D        | Reached skill level 3 in Staves
    11 | D        | Reached skill level 2 in Armour
    11 | D        | Reached skill level 3 in Dodging
    11 | D        | Gained mutation: You are partially covered in thin metallic scales (AC +2). [demonic ancestry]
    11 | D        | Reached XP level 2. HP: 12/24 MP: 2/2
   154 | D        | Noticed an ogre
   161 | D        | Killed an ogre
   161 | D        | Reached skill level 4 in Fighting
   161 | D        | Reached skill level 5 in Staves
   161 | D        | Reached skill level 3 in Armour
   161 | D        | Reached skill level 5 in Dodging
   161 | D        | Gained mutation: You have large cloven feet. [demonic ancestry]
   161 | D        | Reached XP level 3. HP: 29/32 MP: 3/3
   161 | D        | Reached XP level 4. HP: 34/38 MP: 4/4
   190 | D        | Noticed Sigmund
   208 | D        | Killed Sigmund
   208 | D        | Reached skill level 6 in Fighting
   208 | D        | Reached skill level 6 in Staves
   208 | D        | Reached skill level 5 in Armour
   208 | D        | Reached skill level 6 in Dodging
   208 | D        | Reached XP level 5. HP: 43/47 MP: 5/5
   208 | D        | Gained mutation: You regenerate a little health from kills. [demonic ancestry]
   208 | D        | Reached XP level 6. HP: 48/53 MP: 6/6
   236 | D        | Found a deep blue altar of Sif Muna.
   238 | D        | Found a radiant altar of Vehumet.
   266 | D        | Found Ijedopot's Armour Emporium.
   266 | D        | Found a white marble altar of Elyvilon.
   266 | D        | Found a stormy altar of Qazlal.
   266 | D        | Found a burning altar of Makhleb.
   266 | D        | Found a sacrificial altar of Ru.
   266 | D        | Found a basalt altar of Yredelemnul.
   266 | D        | Found a glowing golden altar of the Shining One.
   266 | D        | Found a sparkling altar of Nemelex Xobeh.
   266 | D        | Found a shimmering altar of Xom.
   266 | D        | Found an opulent altar of Gozag.
   266 | D        | Found an ancient bone altar of Kikubaaqudgha.
   266 | D        | Found a glowing silver altar of Zin.
   266 | D        | Noticed a yak
   279 | D        | HP: 13/53 [yak (10)]
   285 | D        | HP: 9/53 [yak (5)]
   304 | D        | Killed a yak
   304 | D        | Reached skill level 7 in Fighting
   304 | D        | Reached skill level 7 in Staves
   304 | D        | Reached skill level 6 in Armour
   304 | D        | Reached skill level 7 in Dodging
   325 | D        | Found an iron altar of Okawaru.
   326 | D        | Found a bloodstained altar of Trog.
   334 | D        | Became a worshipper of Qazlal Stormbringer
   499 | D        | Found a snail-covered altar of Cheibriados.
   499 | D        | Found a viscous altar of Jiyva.
   499 | D        | Found a shadowy altar of Dithmenos.
   499 | D        | Found a blossoming altar of Fedhas.
   499 | D        | Noticed a slime creature
   511 | D        | Killed a slime creature
   511 | D        | Reached skill level 7 in Invocations
   511 | D        | Gained mutation: You are mostly covered in thin metallic scales (AC +3). [demonic ancestry]
   511 | D        | Reached XP level 7. HP: 38/60 MP: 6/12
   606 | D        | Bought a +3 scale mail of poison resistance for 322 gold pieces
   632 | D        | Noticed a kobold demonologist
   632 | D        | Paralysed by a giant eyeball for 4 turns
   635 | D        | Noticed a ynoxinul
   635 | D        | Noticed a kobold demonologist
   636 | D        | Noticed a ynoxinul
   642 | D        | Paralysed by a giant eyeball for 2 turns
   656 | D        | Noticed a smoke demon
   662 | D        | Noticed an orange demon
   665 | D        | Noticed a sixfirhy
   666 | D        | Killed a kobold demonologist
   666 | D        | Reached * piety under Qazlal
   666 | D        | Reached skill level 11 in Invocations
   675 | D        | Killed a kobold demonologist
   675 | D        | Reached skill level 13 in Invocations
   675 | D        | Reached XP level 8. HP: 67/67 MP: 12/17
   676 | D        | Noticed a demonic crawler
   676 | D        | Noticed a demonic crawler
   676 | D        | Noticed a demonic crawler
   676 | D        | Noticed a demonic crawler
   695 | D        | Noticed Sonja
   701 | D        | HP: 11/67 [Sonja/uncursed short sword of distortion (24)]
   701 | D        | HP: 5/67 [Sonja/uncursed short sword of distortion (2)]
   701 | D        | HP: 1/67 [Sonja/uncursed short sword of distortion (4)]
   701 | D        | Slain by Sonja

Vault maps used:
D:        dungeon_sprint_1

Action                   |  1- 3 |  4- 6 |  7- 9 || total
-------------------------+-------+-------+-------++-------
Melee: Quarterstaff      |    13 |    44 |    40 ||    97
Throw: Throwing net      |     1 |     1 |       ||     2
Evoke: Wand              |       |     2 |       ||     2
  Use: Potion            |       |       |     1 ||     1

Vault maps used:
D:        dungeon_sprint_1

Table legend:
 A = Turns spent in this place as a percentage of turns spent in the entire game.
 B = Non-inter-level travel turns spent in this place as a percentage of non-inter-level travel turns spent in the entire game.
 C = Inter-level travel turns spent in this place as a percentage of turns spent in this place.
 D = Turns resting spent in this place as a percentage of non-inter-level travel turns spent in this place.
 E = Turns spent auto-exploring this place as a percentage of non-inter-level travel turns spent in this place.
 F = Non-inter-level travel turns spent in this place divided by the number of levels of this place that you've seen.
                   A       B       C       D       E      F
               +-------+-------+-------+-------+-------+----------------------
         Total | 100.0 | 100.0 |   0.7 |   5.1 |   0.0 | 277.0
       Dungeon | 100.0 | 100.0 |   0.7 |   5.1 |   0.0 | 277.0
               +-------+-------+-------+-------+-------+----------------------

Table legend:
 A = Kills in this place as a percentage of kills in entire the game.
 B = Kills by you in this place as a percentage of kills by you in the entire game.
 C = Kills by friends in this place as a percentage of kills by friends in the entire game.
 D = Other kills in this place as a percentage of other kills in the entire game.
 E = Experience gained in this place as a percentage of experience gained in the entire game.
 F = Experience gained in this place divided by the number of levels of this place that you have seen.
                   A       B       C       D       E      F
               +-------+-------+-------+-------+-------+----------------------
         Total | 100.0 | 100.0 |  -nan |  -nan | 100.0 | 1585.0
       Dungeon | 100.0 | 100.0 |  -nan |  -nan | 100.0 | 1585.0
               +-------+-------+-------+-------+-------+----------------------
